 Dungeon Crawl Stone Soup version 0.20-a0-842-g939b552 (webtiles) character file.

68 M4edhros the Poker (level 4, -6/35 HPs)
             Began as a Mummy Chaos Knight on Mar 9, 2017.
             Mangled by an orc warrior
             ... wielding a +0 war axe
              (13 damage)
             ... on level 1 of the Dungeon.
             The game lasted 00:02:11 (4540 turns).

M4edhros the Poker (Mummy Chaos Knight)             Turns: 4540, Time: 00:02:11

Health: -6/35      AC:  6    Str: 15    XL:     4   Next: 1%
Magic:  4/4        EV:  6    Int: 11    God:    Xom [.*....]
Gold:   49         SH: 12    Dex: 12    Spells: 3/3 levels left

rFire    x . .     SeeInvis .   a - +0 spear (chaos)
rCold    + . .     Gourm    .   b - +2 leather armour
rNeg     + + +     Faith    .   e - +0 large shield
rPois    ∞         Spirit   .   (no helmet)
rElec    .         Reflect  .   d - +0 cloak
rCorr    .         Harm     .   (no gloves)
MR       .....                  (no boots)
Stlth    ++........             (no amulet)
Regen    0.2/turn               (no ring)
MPRegen  0.1/turn               g - ring of stealth

@: no status effects
A: no food or potions, fire vulnerability, cold resistance 1, negative energy
resistance 3, torment resistance, unbreathing
a: Renounce Religion


You were on level 1 of the Dungeon.
You worshipped Xom.
You were a plaything of Xom.
You were not hungry.

You visited 1 branch of the dungeon, and saw 1 of its levels.

You collected 49 gold pieces.

Inventory:

Hand Weapons
 a - a +0 spear of chaos (weapon)
Armour
 b - a +2 leather armour (worn)
 d - a +0 cloak (worn)
 e - a +0 large shield (worn)
Jewellery
 g - a ring of stealth (left hand)
Scrolls
 c - a scroll of teleportation {unknown}
 f - a scroll of identify {unknown}


   Skills:
 - Level 3.0 Fighting
 + Level 3.4 Polearms
 - Level 1.5 Armour
 - Level 0.7 Dodging
 * Level 1.8 Shields


You had 3 spell levels left.
You didn't know any spells.

Dungeon Overview and Level Annotations

Branches:
Dungeon (1/15)

Altars:


Innate Abilities, Weirdness & Mutations

You do not eat or drink.
Your flesh is vulnerable to fire.
You are immune to poison.
Your flesh is cold resistant. (rC+)
You are immune to negative energy. (rN+++)
You are immune to unholy pain and torment.
You can survive without breathing.


Message History

Aim: an orc wizard, wielding a dagger and wearing a robe (moderately wounded)
You hit the orc wizard. You burn the orc wizard.
The orc wizard is severely wounded.
You block the orc's attack. The orc wizard barely misses you.
Attack whom?
Press: ? - help, Dir - move target cursor, f/p - orc wizard
Aim: an orc wizard, wielding a dagger and wearing a robe (severely wounded)
You hit the orc wizard.
The orc wizard is poisoned.
The orc wizard is severely wounded.
The orc hits you but does no damage.
The orc wizard hits you but does no damage.
The orc wizard casts a spell.
The orc wizard blinks!
You kill the orc wizard!
You have reached level 4!
A rat comes into view.
You swap places.
The orc warrior hits you with a war axe!
You die...
Xom giggles madly!

...##...##)#.#......# #.##.#
...##...##.#........# ##.##.#
...##...##.##..#.##o# #..##.###
##########.##..#.##.# #........
....# #.##.....o.#####...#.###
##..# #.##......)........#.#
.#..# #.##...o##.#####.###.#
.#..# #.##.b.ob..#####.# #.#
.#..# #.###..@.........# #.#
.#..######.#.......)####### #.#
##.....)......b.......# #.#
<#..########.##r.##.####### #.###
.#..#.######.##..##.#.....# #...#
##..................#.###.###.###
.P..#.######.###................#
.P..#.# #.# #...†..##..#####.#
.P..#.######.###.................


You could see an orc warrior, an orc and a rat.

Vanquished Creatures
  An orc wizard (D:1)
  3 dart slugs (D:1)
  A leopard gecko (D:1)
  An orc (D:1)
  4 bats (D:1)
  A giant cockroach (D:1)
  6 goblins (D:1)
  5 hobgoblins (D:1)
  A quokka (D:1)
  4 frilled lizards (D:1)
  2 kobolds (D:1)
  2 rats (D:1)
31 creatures vanquished.

Notes
Turn   | Place    | Note
-------+----------+-------------------------------------------
     0 | D:1      | M4edhros the Mummy Chaos Knight began the quest for the Orb.
     0 | D:1      | Reached XP level 1. HP: 18/18 MP: 1/1
    95 | D:1      | Reached XP level 2. HP: 22/24 MP: 2/2
   160 | D:1      | XOM: harmless Air miscast
   161 | D:1      | XOM: fog
   209 | D:1      | XOM: mild Necr miscast
   649 | D:1      | XOM: mild Ice miscast
   716 | D:1      | Reached XP level 3. HP: 29/29 MP: 3/3
   733 | D:1      | XOM: medium Hex miscast
  1036 | D:1      | XOM: harmless Erth miscast
  1087 | D:1      | XOM: summons 4 hostile shadow creatures
  1274 | D:1      | XOM: harmless Ice miscast
  1993 | D:1      | Reached skill level 1 in Shields
  2589 | D:1      | XOM: summons 3 hostile shadow creatures
  3048 | D:1      | XOM: summons 1 hostile shadow creature
  3059 | D:1      | XOM: harmless Fire miscast
  4014 | D:1      | XOM: god gift: 17 gold pieces
  4073 | D:1      | XOM: cloud trail
  4109 | D:1      | XOM is BORED!
  4109 | D:1      | XOM: noise
  4499 | D:1      | Noticed an orc warrior
  4499 | D:1      | XOM: cast spell 'Summon Butterflies'
  4517 | D:1      | XOM: cast spell 'Summon Butterflies'
  4537 | D:1      | Reached XP level 4. HP: 6/35 MP: 4/4
  4540 | D:1      | Mangled by an orc warrior

Vault maps used:
D:1:      evilmike_arrival_home_sweet_home

Skill      XL: |  1  2  3 |
---------------+----------+-----
Polearms       | 3 |  3.4
Shields        | 1 |  1.8
Fighting       | |  3.0
Armour         | |  1.5
Dodging        | |  0.7

Action                   |  1- 3 |  4- 6 || total
-------------------------+-------+-------++-------
Melee: Spear             |   118 |       ||   118
 Stab: Confused          |     2 |       ||     2
Armor: Leather armour    |    34 |       ||    34
Dodge: Dodged            |    34 |       ||    34
Block: Large shield      |    38 |       ||    38
